[Event "European Women-ch 2023"]
[Site "Petrovac"]
[Date "2023.03.19"]
[Round "2.9"]
[White "Mkrtchyan, Mariam"]
[Black "Petrova, Irina"]
[Result "1-0"]
[ECO "E62"]
[WhiteElo "2343"]
[BlackElo "2123"]
[Annotator "TA"]
[PlyCount "83"]
[EventDate "2023.03.15"]
[EventType "swiss"]
[EventCountry "MNE"]
[SourceTitle "playchess.com"]
[Source "ChessBase"]
[SourceQuality "1"]
[TimeControl "40/5400+30:1800+30"]

1. d4 d6 2. Nf3 g6 3. c4 Bg7 4. Nc3 Nf6 5. g3 c6 6. e4 {[%emt 0:03:20] E62: King's Indian: Fianchetto: 6...c6 and Panno Variation (6...Nc6) without ...a6.} Qa5 7. Bd2 {[%emt 0:05:48] [#]} O-O $146 ({Predecessor:} 7... Qh5 8. Be2 Qh3 9. Ng5 Qd7 10. f4 h6 11. Nf3 Na6 12. Rc1 Qd8 13. Bf1 Bg4 {½-½ Flicke,A (1842)-Wiktor,R (1783) Ruhrgebiet Verbandsliga2 1213 2012 (9)}) 8. h3 {[%emt 0:06:41] White has an edge.} e5 9. d5 Qd8 10. Be2 cxd5 11. cxd5 a5 12. Be3 Bd7 13. Nd2 Ne8 14. Nc4 Na6 15. Bb6 Qe7 16. Bxa5 f5 17. Nb6 Rb8 18. b4 {[%emt 0:02:20] White has more active pieces. The black rooks are badly placed.} Nf6 19. Bd3 (19. Qc1 $16) 19... fxe4 20. Nxe4 Bf5 21. Qe2 Nxe4 22. Bxe4 Qf7 (22... Qc7 $5 23. O-O Bxh3 $11) 23. f3 (23. Bxf5 {feels hotter.} Qxf5 24. Rc1 Bh6 25. Rc2) 23... Bxe4 24. fxe4 Qc7 {[%emt 0:00:18] And now ...Qc3+ would win.} 25. b5 (25. Qc4 $1 $11 {keeps the balance.}) 25... Nc5 $17 {[%emt 0:02:16][%mdl 1024] Black has strong compensation.} 26. Nc4 b6 (26... Qd7 $1 $17 27. Rb1 Rf7) 27. Bb4 $11 Rbc8 {[%emt 0:01:20][%cal Oc5e4] White must now prevent ...Nxe4!} 28. Rc1 Qe7 (28... Qd7 $11 {remains equal.} 29. Nb2 (29. Nxb6 $2 Nd3+ {[%mdl 64] Discovered Attack} 30. Qxd3 Rxc1+ 31. Ke2 Qc7 $19) 29... Bh6) 29. Bd2 (29. Nxb6 $2 Nd3+ 30. Kd2 Nxc1 $19) (29. Rc2 $16) 29... Ra8 (29... Qa7 $15 {keeps the upper hand.} 30. Nxd6 Rcd8) 30. Rc2 $16 Ra4 {[%emt 0:00:33] Repels Bb4} 31. Rb2 (31. Rf1 $14) 31... Qf6 $11 {[%emt 0:01:21][%cal Oa4c4] ...Rxc4! is the strong threat.} 32. Bb4 $2 (32. Rc2 $1 $11) 32... Qg5 $19 {[%emt 0:02:17] ( -> ...Qc1+)} 33. Kd1 {[%emt 0:03:18] [#] Against Qc1+} Rxb4 34. Rxb4 $17 Qxg3 (34... Bh6 {looks sharper.} 35. Kc2 Qxg3 36. Rf1 Rf4) 35. Rf1 {[%emt 0:01:29] [#] Wards off Rf2} (35. Nxb6 Rf2 36. Re1 Rxe2 37. Rxe2 Bh6 $19) 35... Rxf1+ ({Better is} 35... Qc3 $1 $17 36. Rxf8+ Bxf8) 36. Qxf1 $11 Nxe4 {[%emt 0:00:46] aiming for ...Qc3.} 37. Rb3 {[%emt 0:01:45][%cal Bb4b3,Bb3a3,Ba3a7][%mdl 32] Dodges Qc3} Qg5 38. Kc2 Nc5 39. Ra3 $40 {[%emt 0:00:22][%mdl 128] White attacks.} h5 $1 40. Ra7 {[%emt 0:00:00] White wants to mate with Qf7+. Some like it hot} Kh7 $2 (40... Bf6 $11) 41. Qf7 ({Not} 41. Nxb6 Qe3 $11) 41... Qh6 42. Nxd6 {[%emt 0:00:26] White used his chance.   Weighted Error Value: White=0.27 (precise) /Black=0.37} 1-0

[Event "European Women-ch 2023"]
[Site "Petrovac"]
[Date "2023.03.19"]
[Round "2.9"]
[White "Hrebenshchykova, Yelyzaveta"]
[Black "Kiolbasa, Oliwia"]
[Result "0-1"]
[ECO "D55"]
[WhiteElo "2289"]
[BlackElo "2406"]
[Annotator "TA"]
[PlyCount "83"]
[EventDate "2023.03.15"]
[EventType "swiss"]
[EventCountry "MNE"]
[SourceTitle "playchess.com"]
[Source "ChessBase"]
[SourceQuality "1"]
[TimeControl "40/5400+30:1800+30"]

1. d4 d5 2. c4 e6 3. Nc3 Nf6 4. Bg5 Be7 5. e3 O-O 6. Nf3 h6 7. Bxf6 Bxf6 8. Rc1 b6 9. Bd3 Bb7 10. cxd5 exd5 11. O-O a6 (11... c5 $11) 12. b4 {[%emt 0:26:43][%cal Bb2b4,Bb4b5][%mdl 32] D55: Queen's Gambit Declined: 4 Bg5 Be7: Lines without ...h6 and 6...h6 7 Bxf6.} Re8 13. Qb3 Qd6 14. Rfe1 {[%emt 0:02:18] White is slightly better.} Nd7 {[%emt 0:02:19] [#]} 15. g3 $146 ({Predecessor:} 15. b5 a5 16. e4 dxe4 17. Bxe4 Bxe4 18. Nxe4 Qf4 19. g3 Qf5 20. Rxc7 Rxe4 21. Rxe4 Qxe4 22. Rxd7 {½-½ Petrov,N (2548)-Zakaryan,D (2316) Olginka Orbit op 2022 (7)}) 15... Nf8 16. b5 {[%emt 0:05:16] bxa6 is the strong threat.} a5 17. e4 {[%emt 0:00:55] aiming for e5.} dxe4 18. Bxe4 Bxe4 19. Nxe4 Qd8 20. Nxf6+ {[%emt 0:03:49][%mdl 64] Discovered Attack} Qxf6 21. Rxe8 (21. Rxc7 Rxe1+ 22. Nxe1 Ne6 $11) 21... Rxe8 22. Rxc7 Ne6 23. Rc6 (23. Rd7 {simplifies} Qf5 24. Qd5 Qxd5 25. Rxd5 Nc7 26. Rd6) 23... Qf5 {[%emt 0:00:09][%cal Oa5a4] Repels Qd3} 24. Rxb6 (24. a4 $14) 24... Ng5 $11 25. Ne5 Qe4 $40 {[%emt 0:03:32][%mdl 128] Black has some attack.} (25... Nh3+ $2 26. Kg2 $18) 26. h4 Rxe5 (26... Nh3+ $1 $11 {and Black stays safe.} 27. Kh2 Rxe5 28. Rb8+ (28. dxe5 Nxf2 29. Kg1 Nh3+ 30. Kh2 Nf2 $11) (28. Kxh3 $2 Qh1+ 29. Kg4 h5+ 30. Kf4 Qe4#) 28... Kh7 29. dxe5 (29. Qxf7 Rf5 $15) 29... Nxf2) 27. hxg5 {[%emt 0:02:31][%mdl 4096] Endgame KQR-KQR} (27. dxe5 $2 {too greedy.} Nf3+ $19) 27... Rf5 {[%emt 0:00:05] [#]} (27... Qe1+ $2 28. Kg2 Rxg5 29. Rb8+ Kh7 30. Qxf7 Qe4+ 31. Qf3 Qxd4 32. a4 $18) 28. Qe3 {[%emt 0:01:13] Inhibits Qe1+.} (28. gxh6 Qe1+ 29. Kg2 Qxf2+ 30. Kh3 Rh5+ 31. Kg4 Qf5#) 28... Qb1+ 29. Kg2 hxg5 $2 (29... Rxg5 30. Qe8+ Kh7) 30. Rb8+ $2 (30. g4 {Rb8+ would kill now.} Rxb5 31. Qe8+ Kh7 32. Rxb5) 30... Kh7 $18 {[%emt 0:00:10] [#]} 31. g4 $2 ({Only move:} 31. a4 $1 $18) 31... Rf6 $1 $11 {[%emt 0:00:13] And now ...Rh6 would win. Chess con chili.} 32. Qe8 $2 (32. Qxg5 {gets mated.} Qe4+ 33. Kf1 Qd3+ 34. Ke1 Qb1+ 35. Ke2 Qc2+ 36. Ke3 Qxf2+ 37. Kd3 Qf1+ 38. Kd2 Rf2+ 39. Kc3 Qe1+) (32. Re8 $14 Qxb5 33. Re5 Qb7+ 34. d5) 32... Rh6 $19 33. Qg8+ Kg6 34. Rb6+ f6 35. Qe8+ Kh7 {[%emt 0:00:05] ( -> ...Qh1+)} 36. Kg3 Qg1+ {[%emt 0:01:09] Black mates.} (36... Qxa2 $2 37. Qe4+ Rg6 38. Rb8 $18) 37. Kf3 Rh3+ {[%emt 0:00:08][%mdl 64] Deflection} 38. Ke2 Qxg4+ 39. Ke1 Rh1+ 40. Kd2 Qxd4+ 41. Kc2 Qxf2+ ({Stronger than} 41... Qxb6 42. Qe4+ g6 43. Qxh1+ Kg7 44. Qc6 Qxf2+ 45. Kb3 Qg3+ 46. Ka4 Qf4+ 47. Kxa5 $17) 42. Kd3 {[%emt 0:00:30] Black used his chance.   Weighted Error Value: White=1.16/Black=0.19 (very precise)} 0-1

[Event "European Women-ch 2023"]
[Site "Petrovac"]
[Date "2023.03.19"]
[Round "2.9"]
[White "Makka, Ioulia"]
[Black "Mayrhuber, Nikola"]
[Result "1-0"]
[ECO "B90"]
[WhiteElo "1949"]
[BlackElo "2162"]
[Annotator "TA"]
[PlyCount "83"]
[EventDate "2023.03.15"]
[EventType "swiss"]
[EventCountry "MNE"]
[SourceTitle "playchess.com"]
[Source "ChessBase"]
[SourceQuality "1"]
[TimeControl "40/5400+30:1800+30"]

1. e4 c5 2. Nf3 d6 3. d4 cxd4 4. Nxd4 Nf6 5. Nc3 a6 6. h3 e5 {[%emt 0:00:10] 6...e5 scores better than 6...e6.} 7. Nde2 h5 {[%emt 0:01:08] B90: Sicilian Najdorf: Unusual White 6th moves, 6 Be3 Ng4 and 6 Be3 e5.} 8. Ng1 b5 {[%emt 0:05:09] 8...Nbd7 is vanishing.} 9. Nf3 Bb7 {[%emt 0:01:24] The position is equal.} 10. Ng5 Be7 11. a3 Nbd7 {[%emt 0:03:23] [#]} 12. Be3 $146 ({Predecessor:} 12. Bd3 h4 13. Be3 Rc8 14. O-O d5 15. exd5 Rxc3 16. bxc3 Nxd5 17. Ne4 f5 18. Nd6+ Bxd6 19. Bxf5 {0-1 Osmanodja,F (2243)-Bogner,S (2586) Rome City op 2nd 2017 (2)}) 12... Rc8 {[%emt 0:07:52][%cal Od6d5] White must now prevent ...d5!} 13. Be2 {[%emt 0:22:21] Repels d5} (13. Qf3 $15) 13... Nb6 (13... d5 $1 $17 {[%cal Rd5d4] Strongly threatening ...d4.} 14. exd5 Rxc3 15. bxc3 Nxd5) 14. O-O $11 Nc4 15. Bc1 d5 16. exd5 Nxd5 17. Nge4 (17. Nxd5 {looks sharper.} Bxg5 18. Bxg5 Qxg5 19. Bxc4 Rxc4 20. Re1) 17... Nxc3 (17... O-O {seems wilder.} 18. Re1 Nxc3 19. Nxc3 Qb6) 18. Nxc3 Qxd1 (18... O-O {feels hotter.} 19. Re1 Qb6 20. Nd5 Bxd5 21. Qxd5 Rfd8) 19. Nxd1 (19. Rxd1 Nxa3 20. Bd3 O-O $17) 19... e4 (19... g6 $142) 20. b3 Ne5 (20... Nd2 $5 21. Bxd2 Rxc2 $11) 21. Ne3 Bc5 22. Ra2 Nc6 (22... O-O $11) 23. c4 ({White should play} 23. Rd1 $14) 23... Nd4 24. Bd1 Ba7 25. Bd2 f5 26. cxb5 (26. a4 $5 bxc4 27. Nxc4 $11) 26... axb5 27. Re1 Kf7 28. a4 f4 29. Nc2 e3 (29... Nxb3 30. Bxf4 Ra8 31. Ne3 (31. axb5 Bxf2+ {[%mdl 64] Discovered Attack} 32. Kxf2 Rxa2 $17) 31... bxa4 32. Rxa4 $14) (29... Nxc2 $1 $11 30. Bxc2 e3 31. fxe3 Rhd8 32. axb5 Rxd2 33. Rxa7 Rcxc2 34. Rxb7+ Kg6) 30. fxe3 (30. Nxd4 $1 $14 exf2+ 31. Kxf2) 30... Nxb3 31. Bb4 Be4 (31... Nc1 $11 {keeps the balance.} 32. Ra3 Be4 33. axb5 {[%mdl 64] Discovered Attack} Bb6) 32. axb5 $16 Bb6 {[%emt 0:00:22] [#]} 33. Ra6 $1 Rh6 {[%emt 0:00:03] [#]} 34. Na3 (34. Nd4 $1 $16 Nxd4 35. exd4 Bxd4+ 36. Kh2) 34... Nc1 $14 35. Bd2 (35. Rxb6 $1 $14 Rxb6 36. exf4 (36. Bxh5+ g6 $14)) 35... Rd6 $2 ({Black should try} 35... Nd3 $11 36. Bb3+ Kf8) 36. Bxh5+ (36. Rxb6 $1 $16 Rxd2 37. exf4 (37. Bxh5+ g6 $11)) 36... g6 37. Bg4 $2 (37. Bxc1 gxh5 38. Rxb6 Rxb6 39. exf4 Bd3 $15) (37. Rf1 $14 {keeps the upper hand.} Nb3 38. Rxf4+ Kg7 39. Rxb6 (39. Rxe4 Nxd2 40. Rg4 Bxe3+ 41. Kh2 Rxa6 $11) 39... Rxb6 40. Bg4) 37... fxe3 $4 (37... Rxd2 $19 38. Rxb6 (38. Bxc8 $2 {too greedy.} Bxe3+ 39. Rxe3 fxe3 $19) 38... Rxg2+ 39. Kf1 f3) 38. Bxe3 {[%emt 0:00:35] White is clearly winning.} (38. Bxc8 {gets mated.} exd2+) 38... Bxe3+ 39. Rxe3 Rxa6 40. bxa6 Bf5 41. Bf3 Nd3 42. a7 {[%emt 0:01:39] Weighted Error Value: White=0.45/Black=0.41} 1-0

[Event "European Women-ch 2023"]
[Site "Petrovac"]
[Date "2023.03.19"]
[Round "2.10"]
[White "Antolak, Julia"]
[Black "Milliet, Sophie"]
[Result "1/2-1/2"]
[ECO "C59"]
[WhiteElo "2276"]
[BlackElo "2404"]
[Annotator "TA"]
[PlyCount "51"]
[EventDate "2023.03.15"]
[EventType "swiss"]
[EventCountry "MNE"]
[SourceTitle "playchess.com"]
[Source "ChessBase"]
[SourceQuality "1"]
[TimeControl "40/5400+30:1800+30"]

1. e4 e5 2. Nf3 Nc6 3. Bc4 Nf6 4. Ng5 d5 5. exd5 Na5 6. Bb5+ c6 7. dxc6 bxc6 8. Be2 h6 9. Nh3 $1 {[%emt 0:00:18][%mdl 4] now scores much better than the old 9.Nf3.} Bd6 10. d3 O-O {[%emt 0:03:32] C59: Two Knights: 4 Ng5 d5 5 exd5 Na5 5 Bb5+ c6 6 dxc6 bxc6 7 Be2.} 11. O-O Qc7 12. Kh1 {[%emt 0:06:30] [#]} Be6 $146 ({Predecessor:} 12... Nb7 13. Nd2 Be6 14. c3 Rad8 15. Qc2 Bxh3 16. gxh3 Qd7 17. Rg1 Kh8 18. Nc4 Bc7 {1-0 Jackova,J (2245)-Tallova,I (2120) CZE-ch (Women) 1997 (2)}) 13. Nc3 Rad8 14. Ng1 Nd5 15. Nxd5 cxd5 16. d4 e4 {[%emt 0:01:38][%mdl 1024] Black has compensation.} 17. f4 f5 18. c3 Rd7 (18... Rb8 $15 {is more appropriate.}) 19. Be3 ({White should try} 19. Nh3 $11) 19... g5 20. fxg5 (20. Qd2 $11) 20... hxg5 $19 21. Bxg5 Bxh2 22. Nh3 Rh7 {[%emt 0:00:11] Prevents Bh6.} 23. Bh5 Bf7 (23... Bg3 $17 {White must now prevent ...f4.} 24. Kg1 Nc4) 24. Be2 (24. Rxf5 $11 {remains equal.} Bxh5 25. Rxf8+ Kxf8 26. Qf1+ Kg8 27. Qf5) 24... Be6 (24... Bg6 $142 25. Qd2 f4 26. Kxh2 f3+ 27. g3 (27. Kh1 $2 Qg3 $19) 27... Kg7) 25. Bh5 $1 $17 Bf7 (25... Bg3 $17 {...f4 is the strong threat.} 26. Kg1 Nc4) 26. Be2 {[%emt 0:00:04] Weighted Error Value: White=0.27 (precise) /Black=0.46} 1/2-1/2

[Event "European Women-ch 2023"]
[Site "Petrovac"]
[Date "2023.03.19"]
[Round "2.10"]
[White "Hajiyeva, Laman"]
[Black "Velikic, Adela"]
[Result "1-0"]
[ECO "B51"]
[WhiteElo "2118"]
[BlackElo "2329"]
[Annotator "TA"]
[PlyCount "189"]
[EventDate "2023.03.15"]
[EventType "swiss"]
[EventCountry "MNE"]
[SourceTitle "playchess.com"]
[Source "ChessBase"]
[SourceQuality "1"]
[TimeControl "40/5400+30:1800+30"]

1. e4 c5 2. Nf3 d6 3. Bb5+ Nd7 4. O-O a6 5. Be2 Ngf6 6. d3 {[%emt 0:00:41] B51: Sicilian: Moscow Variation (3 Bb5+) without 3...Bd7.} g6 7. c4 Bg7 8. Nc3 {[%emt 0:00:41] White is slightly better.} O-O 9. h3 Rb8 10. a4 b6 {[%emt 0:01:15] [#]} 11. Be3 $146 ({Predecessor:} 11. Re1 a5 12. Be3 Bb7 13. Qd2 Ne5 14. Rad1 Nfd7 15. d4 Nxf3+ 16. Bxf3 Bxd4 17. Bxd4 cxd4 18. Qxd4 {½-½ Mary,P (2476)-Almarza Mato,C (2090) Champion's League 12/C11 email 2012 [1]}) 11... Bb7 12. Rb1 h6 13. Qd2 Kh7 14. b4 e6 15. Qc2 Qe7 (15... Ng8 $11) 16. Rb3 (16. a5 $1 $16) 16... Ba8 (16... d5 $5 17. e5 d4 18. exf6 Bxf6 $15) 17. Rfb1 Rbc8 18. bxc5 ({Better is} 18. a5 $1 $14) 18... bxc5 $11 19. Bf4 d5 20. a5 Bc6 21. Ra3 Rfd8 22. Ne5 Ba8 (22... Nxe5 $15 23. Bxe5 dxc4 24. dxc4 Nd7) 23. Nxd7 $14 Qxd7 24. e5 {[%emt 0:04:13] White is more active.} (24. cxd5 {feels hotter.} c4 25. dxc4 exd5 26. e5) 24... Ng8 (24... Ne8 $1 $14) 25. cxd5 Bxd5 26. Nxd5 Qxd5 27. Bf3 Qd4 28. Ra4 Qxd3 (28... Qd7 $16) 29. Qxd3 $18 Rxd3 {[%emt 0:00:02] [#]} 30. Bb7 $2 (30. Be2 $6 Rd4 31. Rxd4 cxd4 $16) ({White has to play} 30. Rb7 $1 $18) 30... Rb8 $11 31. Rb6 Ne7 32. Bxa6 {[%emt 0:00:43] This pair of bishops is nice.} Rdd8 (32... Rd1+ $15 {stays ahead.} 33. Kh2 Rxb6 34. axb6 Nd5) 33. Bb7 (33. Rxb8 $16 Rxb8 34. Bf1) 33... Nd5 $14 34. Bxd5 Rxb6 35. axb6 Rxd5 {[%emt 0:00:26][%mdl 4096] Endgame KRB-KRB} 36. Ra1 {[%emt 0:01:14] Dodges Rd1+} Rd8 $2 {[%emt 0:00:11] Black is now going downhill.} ({Black should try} 36... c4 $1 $11) 37. Rb1 (37. b7 $142 {aiming for Ra8.} g5 38. Ra8 Rd1+ 39. Kh2) 37... Rb8 {[%emt 0:00:21] [#]} (37... g5 $16 38. Be3 Bxe5) 38. Kf1 $1 $18 (38. b7 g5 39. Be3 Bxe5) 38... Rb7 39. Ke2 g5 40. Bh2 {[%emt 0:00:00] Kd3 would be deadly.} Kg6 41. Kd3 Bf8 42. Kc4 {[%emt 0:01:02] Strongly threatening Kb5.} Rb8 $2 (42... Be7 43. Kb5 Bd8 44. Kxc5 Bxb6+ 45. Rxb6 Rd7) 43. Kb5 Kf5 44. f3 c4 45. Kxc4 Rc8+ 46. Kb5 Rc5+ 47. Ka6 Rc6 48. Rb5 Be7 49. Ka7 {[%emt 0:03:17] And now b7 would win.} Bd8 50. b7 Bc7 51. Rb2 $2 (51. b8=R Bxb8+ 52. Rxb8 (52. Kxb8 Rc2 $18) 52... Rc2 $16) (51. b8=N Rc2 $18) (51. g4+ Kg6 52. Bg1 (52. b8=R Bxb8+ 53. Kxb8 Rc3 $16)) 51... Rc1 {[%emt 0:05:42] ( -> ...Ra1+)} 52. b8=Q ({Much less strong is} 52. b8=R Bxb8+ 53. Kxb8 (53. Rxb8 Ra1+ 54. Kb6 Rh1 $14) 53... h5 $18) (52. b8=B Ra1+ 53. Kb7 Bxb8 $18) 52... Bxb8+ 53. Kxb8 {[%emt 0:00:01] KRB-KR} ({Less strong is} 53. Rxb8 Ra1+ 54. Kb6 Rh1 $16) 53... h5 54. g4+ Kg6 55. Rf2 {[%emt 0:01:51] Inhibits Rf1.} Rc3 56. Kb7 h4 $2 (56... Rc5 57. f4 hxg4 58. hxg4 gxf4 59. Bxf4 Rc3) 57. Kb6 Rc1 58. Kb5 Kg7 (58... Ra1 $142 59. Kc5 Rd1) 59. Kb4 Kg6 60. Kb3 Ra1 61. Kb2 Rh1 62. Kc2 Ra1 {[%emt 0:00:20] Hoping for ...Ra2+.} 63. Kd3 Ra3+ 64. Ke2 Ra1 65. Ke3 Ra3+ 66. Kd4 Ra4+ 67. Kc5 Ra5+ 68. Kb4 Rd5 69. Kc4 Ra5 70. Rf1 Ra2 71. Bg1 Rg2 72. Kd4 Rd2+ 73. Ke4 Re2+ 74. Kd4 Rd2+ $1 75. Ke3 Ra2 76. Rd1 Rg2 77. Ke4 Rg3 78. Ke3 Rg2 $1 79. Rc1 Kg7 80. Ke4 Kg6 81. Be3 Rh2 82. Rc8 Kh7 83. Bxg5 Rxh3 84. Bf6 Rh1 85. Rh8+ Kg6 86. Bxh4 (86. g5 $142 Re1+ 87. Kf4 Re4+ 88. fxe4 h3 89. Rh6#) 86... Kg7 87. Rh5 (87. Bf6+ $142 Kg6 88. Rg8+ Kh7 89. Rg7+ Kh6 90. Rxf7 Rg1 91. Re7 Kg6 92. Rxe6) 87... Kg6 88. Bf2 Ra1 89. f4 Ra2 90. Be3 Ra4+ 91. Kf3 Ra5 92. f5+ {[%emt 0:01:39] White mates.} exf5 93. Rg5+ Kh7 94. Rxf5 Kg6 {[%emt 0:00:08] [#]} 95. e6 $1 {[%emt 0:00:54] Weighted Error Value: White=0.29 (precise) /Black=0.45} 1-0

[Event "European Women-ch 2023"]
[Site "Petrovac"]
[Date "2023.03.19"]
[Round "2.10"]
[White "Silva, Mariana Sofia T."]
[Black "Zherebtsova, Alexandra"]
[Result "0-1"]
[ECO "A55"]
[WhiteElo "1920"]
[BlackElo "2155"]
[Annotator "TA"]
[PlyCount "66"]
[EventDate "2023.03.15"]
[EventType "swiss"]
[EventCountry "MNE"]
[SourceTitle "playchess.com"]
[Source "ChessBase"]
[SourceQuality "1"]
[TimeControl "40/5400+30:1800+30"]

1. d4 Nf6 2. c4 d6 3. Nf3 Nbd7 4. Nc3 e5 5. g3 c6 6. e4 exd4 {[%emt 0:22:11] A55: Old Indian Defence with Nf3 and e4.} 7. Nxd4 Ne5 {[%emt 0:03:19] [#]} ({Black should play} 7... g6 $14) 8. h3 $146 ({Predecessor:} 8. f4 Bg4 9. Be2 Bxe2 10. Qxe2 Ng6 11. Be3 Qa5 12. O-O-O O-O-O 13. Kb1 Re8 14. Qd3 {0-1 Jakovljevic,V (2412)-Bach,A (2251) EU-ch 11th Rijeka 2010 (9)}) 8... d5 {[%emt 0:12:13] White is better.} 9. cxd5 cxd5 10. exd5 {[%emt 0:05:02] Black must now prevent Bb5+.} Bc5 11. Nb3 Qe7 12. Be2 (12. Bb5+ $16 Bd7 13. Qe2) 12... Bb4 $14 (12... Nf3+ $2 13. Kf1 Ne5 14. Nxc5 Qxc5 15. Be3 $18) 13. Be3 (13. Kf1 $14) 13... O-O $1 $11 14. a3 {[%emt 0:05:07] Black converts the advantage convincingly.} (14. Bd4 $11 {remains equal.}) 14... Bxc3+ $17 15. bxc3 {[%emt 0:00:02] [#]} Rd8 $1 16. c4 {[%emt 0:12:12] [#]} (16. Bc5 $17 Qe8 17. Bd4) 16... b5 $1 {[%emt 0:01:12][%mdl 576] Deflection} 17. cxb5 ({But not} 17. Bc5 $2 Qe8 18. f4 (18. cxb5 $2 {is the wrong capture.} Rxd5 19. Bd4 Nf3+ 20. Kf1 Nxd4 $19) 18... bxc4 19. fxe5 Qxe5 $19) 17... Nxd5 {[%emt 0:02:34] Black is more active. A dynamic duo of knights.} 18. Qd4 {[%emt 0:04:42] [#]} (18. Bc5 $17 {was worth a try.} Nf3+ 19. Kf1 Ne3+ {[%mdl 64] Discovered Attack} 20. Bxe3 Rxd1+ 21. Rxd1) 18... Bf5 $1 $19 19. Qc5 Qf6 {[%emt 0:02:18] ...Nd3+ is the strong threat.} 20. Bd4 Rac8 ({Don't go for} 20... Be4 $2 21. Bxe5 Qxe5 22. O-O $19) 21. Bxe5 Qxe5 22. Qd4 Qe7 {[%emt 0:01:32] Hoping for ...Nc3.} 23. Qh4 $2 (23. Rc1 Nc3 24. Qe3) 23... g5 {[%emt 0:01:04] Black is clearly winning.} 24. Qh5 Bg6 25. Qh6 Nc3 26. O-O Nxe2+ 27. Kh2 Nd4 (27... Nxg3 $142 28. Rg1 Ne4) 28. Nxd4 Rxd4 29. Rae1 Qf6 {[%emt 0:00:16] And now ...Qd8 would win.} 30. Re3 Rd2 31. Kg1 {[%emt 0:00:30] [#]} Rxf2 $3 {[%emt 0:02:11][%mdl 576] Deflection} 32. Rfe1 {[%emt 0:00:21] [#]} (32. Rxf2 Rc1+) 32... Rg2+ $3 33. Kh1 {[%emt 0:00:41] [#]} (33. Kxg2 Be4+) 33... Re2 $3 {[%emt 0:00:16][%mdl 512] A superb game by Zherebtsova.   Weighted Error Value: White=1.11/Black=0.54} 0-1

[Event "European Women-ch 2023"]
[Site "Petrovac"]
[Date "2023.03.19"]
[Round "2.11"]
[White "Maltsevskaya, Aleksandra"]
[Black "Sliwicka, Alicja"]
[Result "1-0"]
[ECO "A33"]
[WhiteElo "2388"]
[BlackElo "2272"]
[Annotator "TA"]
[PlyCount "81"]
[EventDate "2023.03.15"]
[EventType "swiss"]
[EventCountry "MNE"]
[SourceTitle "playchess.com"]
[Source "ChessBase"]
[SourceQuality "1"]
[TimeControl "40/5400+30:1800+30"]

1. Nf3 c5 2. c4 Nc6 3. Nc3 e6 4. d4 cxd4 5. Nxd4 Qb6 6. Nb3 Nf6 7. g3 Ne5 8. e4 Bb4 9. Qe2 d6 10. f4 {[%emt 0:01:35] 10.f4 has become a bit dusty these days.} Nc6 11. Be3 Qc7 {[%emt 0:01:02] A33: Symmetrical English: 2 Nf3 Nf6 3 d4 cxd4 4 Nxd4 e6 5 Nc3 Nc6.} 12. Bd2 {[%emt 0:03:45] Threatens to win with Nb5.} O-O 13. Bg2 {[%emt 0:02:52] [#]} Bxc3 $146 {[%emt 0:04:12] The position is equal.} ({Predecessor:} 13... a5 14. O-O Bxc3 15. Bxc3 e5 16. Kh1 b6 17. Nd2 a4 18. b4 axb3 19. axb3 {½-½ Drasko,M (2505)-Ivanovic,B (2530) YUG-ch Yugoslavia 1989}) 14. Bxc3 e5 $1 15. O-O Be6 (15... a5 $11 {remains equal.}) 16. f5 $16 Bd7 17. g4 Rfc8 (17... h6 $142) 18. g5 Ne8 19. Rf3 ({White should play} 19. Qh5) 19... f6 20. h4 Ne7 21. Nd2 b5 {[%emt 0:00:48] [#] Strongly threatening ...b4.} 22. Kh2 {[%emt 0:00:51] Active counter play!} (22. Kh1 $16) 22... bxc4 23. Rg3 {[%emt 0:00:06] Qh5 is the strong threat.} d5 $1 24. Qh5 {[%emt 0:03:59] Black must now prevent gxf6.} Qd6 25. gxf6 (25. g6 $2 h6 26. b3 cxb3 27. axb3 Qb6 $19) 25... Qxf6 26. exd5 Nxf5 27. Rg5 $36 {[%emt 0:02:14][%mdl 2048] Hoping for Ne4. Black is under pressure.} Ned6 28. Ne4 {[%emt 0:00:10][%cal Bd2e4,Be4f6,Bf6d7,Bd7e5][%mdl 32] Some like it hot} Qf7 {[%emt 0:02:29][%mdl 8192] Loses the game.} (28... Nxe4 $14 29. Bxe4 g6) 29. Qxf7+ $18 {[%emt 0:00:26][%mdl 64] [#] Remove Defender. White is clearly winning.} (29. Bxe5 Nxe4 30. Qxf7+ (30. Bxe4 Qxh5 31. Rxh5 Rf8 $16) 30... Kxf7 $16) 29... Nxf7 30. Nf6+ Kh8 31. Nxd7 Nxg5 32. hxg5 Ne3 (32... e4 $142 33. Bxe4 Nd6) 33. Nxe5 Rf8 34. Re1 Nxg2 35. Kxg2 Rf5 36. d6 ({Weaker is} 36. Nxc4 Rxg5+ 37. Kh3 Rxd5 $16) 36... Raf8 37. d7 {[%emt 0:01:52] And now Bb4 would win.} Kg8 38. Bb4 Rxg5+ (38... Rd8 $142 39. Kh3 (39. Nxc4 Rxg5+ 40. Kf3 Rxd7 $14) 39... Rxe5) 39. Kh3 Rd8 40. Nf3 ({Not} 40. Nxc4 Rxd7 41. Re8+ Kf7 $14) 40... Rxd7 41. Nxg5 {[%emt 0:00:19] Weighted Error Value: White=0.43/Black=0.34} 1-0

[Event "European Women-ch 2023"]
[Site "Petrovac"]
[Date "2023.03.19"]
[Round "2.11"]
[White "Zhukova, Natalia"]
[Black "Makropoulou, Marina"]
[Result "1/2-1/2"]
[ECO "A28"]
[WhiteElo "2322"]
[BlackElo "2102"]
[Annotator "TA"]
[PlyCount "52"]
[EventDate "2023.03.15"]
[EventType "swiss"]
[EventCountry "MNE"]
[SourceTitle "playchess.com"]
[Source "ChessBase"]
[SourceQuality "1"]
[TimeControl "40/5400+30:1800+30"]

1. c4 e5 2. Nc3 Nc6 3. Nf3 Nf6 4. e4 Bb4 5. d3 d6 6. a3 {[%emt 0:00:53] A28: English Opening: Four Knights Variation.} Bc5 $1 {[%emt 0:00:39][%cal Bb4c5,Bc5b6,Bb6d4][%mdl 32] 6...Bc5 is better than 6...Bxc3+.} 7. b4 Bb6 8. Be2 O-O 9. Na4 Bd4 10. Rb1 a6 {[%emt 0:11:25] [#]} 11. b5 $146 ({Predecessor:} 11. O-O Ba7 12. Be3 Bg4 13. Nc3 Bxf3 14. Bxf3 Nd4 15. g3 c6 16. Bg2 b5 17. Ne2 {½-½ Gelfand,B (2686)-Matlakov,M (2716) FIDE World Cup 2019 (2.2)}) 11... axb5 12. cxb5 Ne7 13. Nxd4 exd4 14. O-O Bd7 15. Rb4 Ra5 16. Rxd4 Bxb5 {[%emt 0:01:46] [#] ...Nc6 would be deadly.} 17. Nc3 $1 Ba6 ({Better is} 17... c5 $1 $15 18. Nxb5 cxd4 19. Nxd4 Nc6) 18. Ra4 $11 Rxa4 19. Qxa4 Qd7 20. Qd1 Nc6 21. Re1 Nd4 22. Bf1 Qc6 23. Bb2 Qc5 24. Qd2 h6 (24... Nb3 $5 25. Qd1 Nd4 $11) 25. h3 Qg5 26. Qxg5 hxg5 {[%emt 0:00:01] Weighted Error Value: White=0.07 (flawless) /Black=0.12 (very precise)} 1/2-1/2